[ PARTIDA AOE2 · #507079303 ]
UnrankedMongoles vs Persians
Equipo del jugador · VICT
Equipo rival · DERR
[ ANÁLISIS DE REPETICIÓN · EXTRAÍDO DE LA PARTIDA GRABADA ]
Feudal
7:39
Castillos
21:40
Imperial
—
| APM promedio | 60.2 |
| APM pico | 90 |
| eAPM promedio | 18.2 |
| Aldeanos / militares | 41 / 19 |
Foco
⚔️ 33.7% · 🌾 66.3%
Knight ×6 · Archer ×5 · Spearman ×5 · Scout Cavalry ×2 · Cavalry Archer ×1
Feudal
8:03
Castillos
18:56
Imperial
—
| APM promedio | 36.2 |
| APM pico | 58 |
| eAPM promedio | 18.4 |
| Aldeanos / militares | 61 / 11 |
Foco
⚔️ 29.7% · 🌾 70.3%
Spearman ×4 · Cavalry Archer ×4 · Mangonel ×2 · Scout Cavalry ×1
Mapa de la partida
Recursos iniciales + cada clic de construcción. Líneas = muros · curvas = relieve. ◆ oro · ⬟ piedra · ● bayas · ✦ reliquia · ◌ hueco del cierre
Tu base· ✓ Cerrada en 21:40 · 48t muro · 1 puerta(s)
Base de Waldblume· ✓ Cerrada en 18:56 · 44t muro · sin puerta
Terreno inicial suavizado · ◌ = hueco del cierre detectado · pasá el cursor para detalles
Inputs por minuto
— Guthrie_Govan - - Waldblume
Build order — Guthrie_Govan
131 acciones detectadas en el replay
| 0:04 | Encolar | Villager (Male) |
| 0:04 | Encolar | Villager (Male) |
| 0:05 | Encolar | Villager (Male) |
| 0:05 | Encolar | Villager (Male) |
| 0:05 | Encolar | Villager (Male) |
| 0:06 | Construir | House |
| 0:07 | Construir | House |
| 1:21 | Encolar | Villager (Male) |
| 1:51 | Encolar | Villager (Male) |
| 2:02 | Construir | Lumber Camp |
| 2:25 | Encolar | Villager (Male) |
| 2:28 | Encolar | Villager (Male) |
| 3:20 | Encolar | Villager (Male) |
| 3:22 | Encolar | Villager (Male) |
| 3:29 | Encolar | Villager (Male) |
| 3:31 | Encolar | Villager (Male) |
| 3:56 | Construir | House |
| 4:30 | Encolar | Villager (Male) |
| 4:39 | Construir | Mill |
| 5:24 | Investigar | Feudal Age |
| 5:24 | Investigar | Feudal Age |
| 6:41 | Construir | Barracks |
| 6:54 | Construir | House |
| 7:20 | Construir | House |
| 7:39 | Edad | Edad Feudal |
| 7:46 | Construir | Stable |
| 7:49 | Encolar | Villager (Male) |
| 7:50 | Investigar | Loom |
| 8:03 | Encolar | Spearman |
| 8:20 | Encolar | Villager (Male) |
| 8:23 | Investigar | Double-Bit Axe |
| 8:27 | Construir | House |
| 8:32 | Encolar | Scout Cavalry |
| 8:37 | Construir | Farm |
| 8:50 | Encolar | Scout Cavalry |
| 8:57 | Construir | Farm |
| 9:20 | Encolar | Villager (Male) |
| 9:21 | Construir | House |
| 9:24 | Construir | Farm |
| 10:04 | Encolar | Villager (Male) |
| 10:12 | Encolar | Villager (Male) |
| 10:14 | Construir | House |
| 10:15 | Construir | Palisade Wall |
| 10:15 | Encolar | Villager (Male) |
| 10:16 | Encolar | Villager (Male) |
| 10:18 | Construir | Farm |
| 10:19 | Construir | Farm |
| 10:36 | Construir | Palisade Wall |
| 10:40 | Construir | Palisade Wall |
| 10:43 | Construir | Palisade Wall |
| 10:51 | Encolar | Villager (Male) |
| 10:57 | Construir | Farm |
| 11:13 | Construir | Palisade Wall |
| 11:17 | Encolar | Villager (Male) |
| 11:24 | Construir | Palisade Wall |
| 11:26 | Construir | Palisade Wall |
| 11:29 | Encolar | Spearman |
| 11:46 | Construir | Farm |
| 11:48 | Construir | Farm |
| 12:01 | Construir | Palisade Wall |
| 12:04 | Construir | Palisade Wall |
| 12:09 | Encolar | Villager (Male) |
| 12:25 | Construir | Farm |
| 12:25 | Encolar | Villager (Male) |
| 12:41 | Construir | Mining Camp |
| 12:42 | Encolar | Villager (Male) |
| 13:08 | Construir | Palisade Gate |
| 13:18 | Encolar | Villager (Male) |
| 13:23 | Encolar | Spearman |
| 13:36 | Construir | Archery Range |
| 13:50 | Encolar | Villager (Male) |
| 14:07 | Encolar | Villager (Male) |
| 14:26 | Construir | Blacksmith |
| 14:31 | Encolar | Villager (Male) |
| 14:42 | Encolar | Archer |
| 14:48 | Construir | Mining Camp |
| 14:49 | Encolar | Villager (Male) |
| 15:06 | Encolar | Villager (Male) |
| 15:08 | Encolar | Archer |
| 15:11 | Encolar | Spearman |
| 15:20 | Encolar | Villager (Male) |
| 15:28 | Encolar | Archer |
| 15:29 | Encolar | Villager (Male) |
| 15:42 | Construir | House |
| 15:53 | Construir | House |
| 16:17 | Construir | House |
| 16:17 | Encolar | Villager (Male) |
| 16:22 | Encolar | Archer |
| 16:24 | Encolar | Spearman |
| 16:39 | Construir | House |
| 16:54 | Construir | Watch Tower |
| 16:55 | Investigar | Fletching |
| 16:55 | Investigar | Fletching |
| 17:24 | Encolar | Archer |
| 17:24 | Encolar | Villager (Male) |
| 17:28 | Construir | House |
| 17:30 | Construir | Farm |
| 17:31 | Construir | Farm |
| 17:54 | Construir | House |
| 17:56 | Encolar | Villager (Male) |
| 18:20 | Construir | Watch Tower |
| 19:00 | Investigar | Castle Age |
| 19:18 | Construir | Palisade Wall |
| 19:19 | Construir | Palisade Wall |
| 19:23 | Construir | Stone Wall |
| 19:23 | Construir | Stone Wall |
| 19:24 | Construir | Stone Wall |
| 19:25 | Construir | Stone Wall |
| 20:13 | Construir | Lumber Camp |
| 20:23 | Construir | Watch Tower |
| 20:49 | Construir | House |
| 21:40 | Edad | Edad de los Castillos |
| 21:50 | Construir | Watch Tower |
| 21:52 | Encolar | Knight |
| 21:57 | Encolar | Cavalry Archer |
| 22:03 | Construir | Stable |
| 22:24 | Investigar | Bodkin Arrow |
| 22:28 | Investigar | Scale Barding Armor |
| 22:28 | Investigar | Scale Barding Armor |
| 22:29 | Investigar | Bloodlines |
| 22:29 | Encolar | Villager (Male) |
| 22:31 | Encolar | Villager (Male) |
| 23:13 | Encolar | Knight |
| 23:16 | Construir | Farm |
| 23:17 | Construir | Farm |
| 23:18 | Encolar | Villager (Male) |
| 23:21 | Encolar | Knight |
| 23:21 | Encolar | Knight |
| 23:49 | Encolar | Knight |
| 23:49 | Encolar | Knight |
| 23:51 | Encolar | Villager (Male) |
Build order — Waldblume
140 acciones detectadas en el replay
| 0:02 | Encolar | Villager (Male) |
| 0:02 | Encolar | Villager (Male) |
| 0:03 | Construir | House |
| 0:04 | Construir | House |
| 0:20 | Encolar | Villager (Male) |
| 0:21 | Encolar | Villager (Male) |
| 0:26 | Encolar | Villager (Male) |
| 0:27 | Encolar | Villager (Male) |
| 1:23 | Encolar | Villager (Male) |
| 1:46 | Construir | Lumber Camp |
| 2:05 | Encolar | Villager (Male) |
| 2:05 | Encolar | Villager (Male) |
| 2:14 | Encolar | Villager (Male) |
| 2:14 | Encolar | Villager (Male) |
| 2:49 | Encolar | Villager (Male) |
| 2:49 | Encolar | Villager (Male) |
| 3:12 | Encolar | Villager (Male) |
| 3:39 | Construir | House |
| 3:46 | Encolar | Villager (Male) |
| 3:46 | Encolar | Villager (Male) |
| 4:02 | Construir | Mill |
| 4:11 | Encolar | Villager (Male) |
| 4:11 | Encolar | Villager (Male) |
| 4:35 | Encolar | Villager (Male) |
| 5:00 | Investigar | Loom |
| 5:54 | Investigar | Feudal Age |
| 6:01 | Construir | Palisade Wall |
| 6:55 | Construir | Barracks |
| 7:11 | Construir | Palisade Wall |
| 7:13 | Construir | Palisade Wall |
| 7:14 | Construir | Palisade Wall |
| 7:36 | Encolar | Villager (Male) |
| 7:40 | Construir | House |
| 8:03 | Edad | Edad Feudal |
| 8:09 | Construir | Stable |
| 8:10 | Encolar | Spearman |
| 8:15 | Investigar | Double-Bit Axe |
| 8:25 | Encolar | Villager (Male) |
| 8:38 | Encolar | Spearman |
| 8:42 | Construir | Palisade Wall |
| 8:45 | Construir | House |
| 8:52 | Encolar | Scout Cavalry |
| 8:56 | Encolar | Villager (Male) |
| 9:23 | Construir | Palisade Wall |
| 9:26 | Encolar | Villager (Male) |
| 9:44 | Construir | Palisade Wall |
| 9:55 | Encolar | Villager (Male) |
| 10:13 | Construir | Palisade Wall |
| 10:15 | Construir | House |
| 10:19 | Encolar | Villager (Male) |
| 10:25 | Construir | House |
| 10:32 | Construir | Palisade Wall |
| 10:44 | Encolar | Spearman |
| 10:45 | Encolar | Villager (Male) |
| 11:04 | Investigar | Horse Collar |
| 11:18 | Construir | House |
| 11:20 | Encolar | Villager (Male) |
| 11:21 | Encolar | Villager (Male) |
| 11:26 | Construir | Palisade Wall |
| 11:42 | Encolar | Villager (Male) |
| 11:53 | Construir | Farm |
| 11:59 | Encolar | Villager (Male) |
| 12:04 | Construir | Farm |
| 12:05 | Construir | Farm |
| 12:10 | Construir | Farm |
| 12:21 | Encolar | Villager (Male) |
| 12:23 | Construir | Farm |
| 12:28 | Construir | Archery Range |
| 12:33 | Encolar | Villager (Male) |
| 12:43 | Construir | Farm |
| 12:46 | Construir | Farm |
| 13:05 | Construir | Farm |
| 13:08 | Construir | Farm |
| 13:18 | Encolar | Villager (Male) |
| 13:28 | Construir | Farm |
| 13:38 | Construir | Farm |
| 13:39 | Encolar | Villager (Male) |
| 14:02 | Encolar | Villager (Male) |
| 14:06 | Construir | Farm |
| 14:21 | Encolar | Villager (Male) |
| 14:23 | Construir | Mining Camp |
| 14:39 | Construir | Farm |
| 14:52 | Encolar | Villager (Male) |
| 14:53 | Investigar | Wheelbarrow |
| 15:50 | Construir | Blacksmith |
| 16:17 | Construir | Lumber Camp |
| 16:31 | Investigar | Castle Age |
| 16:54 | Construir | House |
| 17:03 | Encolar | Spearman |
| 17:31 | Construir | Archery Range |
| 17:38 | Investigar | Gold Mining |
| 17:47 | Construir | House |
| 17:50 | Construir | House |
| 17:55 | Construir | House |
| 18:06 | Investigar | Fletching |
| 18:56 | Edad | Edad de los Castillos |
| 19:00 | Construir | Town Center |
| 19:01 | Encolar | Cavalry Archer |
| 19:02 | Encolar | Cavalry Archer |
| 19:03 | Encolar | Villager (Male) |
| 19:06 | Construir | House |
| 19:21 | Encolar | Villager (Male) |
| 19:36 | Encolar | Villager (Male) |
| 19:41 | Encolar | Villager (Male) |
| 19:45 | Construir | Siege Workshop |
| 19:58 | Encolar | Villager (Male) |
| 19:59 | Encolar | Villager (Male) |
| 20:04 | Construir | House |
| 20:06 | Encolar | Villager (Male) |
| 20:22 | Encolar | Villager (Male) |
| 20:22 | Encolar | Villager (Male) |
| 20:40 | Encolar | Mangonel |
| 20:43 | Construir | House |
| 20:47 | Investigar | Bow Saw |
| 20:49 | Encolar | Villager (Male) |
| 20:49 | Encolar | Villager (Male) |
| 21:04 | Encolar | Cavalry Archer |
| 21:04 | Encolar | Cavalry Archer |
| 21:07 | Encolar | Villager (Male) |
| 21:13 | Construir | House |
| 21:15 | Encolar | Villager (Male) |
| 21:17 | Construir | Farm |
| 21:18 | Construir | Farm |
| 21:19 | Construir | Farm |
| 21:22 | Encolar | Villager (Male) |
| 21:55 | Encolar | Villager (Male) |
| 21:55 | Encolar | Villager (Male) |
| 21:57 | Encolar | Mangonel |
| 22:11 | Encolar | Villager (Male) |
| 22:12 | Encolar | Villager (Male) |
| 22:14 | Construir | House |
| 22:16 | Construir | House |
| 22:20 | Encolar | Villager (Male) |
| 22:20 | Encolar | Villager (Male) |
| 22:40 | Construir | House |
| 22:51 | Encolar | Villager (Male) |
| 22:51 | Encolar | Villager (Male) |
| 23:07 | Construir | Lumber Camp |
| 23:18 | Encolar | Villager (Male) |
| 23:18 | Encolar | Villager (Male) |
Cronología de la partida
| 6:01 | Waldblume · wall_segment Palisade Wall x8 |
| 6:41 | Guthrie_Govan · first_building Barracks |
| 6:55 | Waldblume · first_building Barracks |
| 7:11 | Waldblume · wall_segment Palisade Wall x1 |
| 7:13 | Waldblume · wall_segment Palisade Wall x1 |
| 7:14 | Waldblume · wall_segment Palisade Wall x1 |
| 7:39 | Guthrie_Govan · age_up feudal |
| 7:46 | Guthrie_Govan · first_building Stable |
| 8:03 | Waldblume · age_up feudal |
| 8:09 | Waldblume · first_building Stable |
| 8:42 | Waldblume · wall_segment Palisade Wall x3 |
| 9:23 | Waldblume · wall_segment Palisade Wall x5 |
| 9:44 | Waldblume · wall_segment Palisade Wall x6 |
| 10:13 | Waldblume · wall_segment Palisade Wall x14 |
| 10:15 | Guthrie_Govan · wall_segment Palisade Wall x1 |
| 10:32 | Waldblume · wall_segment Palisade Wall x1 |
| 10:36 | Guthrie_Govan · wall_segment Palisade Wall x5 |
| 10:40 | Guthrie_Govan · wall_segment Palisade Wall x6 |
| 10:43 | Guthrie_Govan · wall_segment Palisade Wall x3 |
| 11:13 | Guthrie_Govan · wall_segment Palisade Wall x7 |
| 11:24 | Guthrie_Govan · wall_segment Palisade Wall x17 |
| 11:26 | Guthrie_Govan · wall_segment Palisade Wall x1 |
| 11:26 | Waldblume · wall_segment Palisade Wall x5 |
| 12:01 | Guthrie_Govan · wall_segment Palisade Wall x1 |
| 12:04 | Guthrie_Govan · wall_segment Palisade Wall x1 |
| 12:28 | Waldblume · first_building Archery Range |
| 13:36 | Guthrie_Govan · first_building Archery Range |
| 18:56 | Waldblume · age_up castle |
| 19:18 | Guthrie_Govan · wall_segment Palisade Wall x1 |
| 19:19 | Guthrie_Govan · wall_segment Palisade Wall x1 |
| 19:23 | Guthrie_Govan · wall_segment Stone Wall x1 |
| 19:23 | Guthrie_Govan · wall_segment Stone Wall x1 |
| 19:24 | Guthrie_Govan · wall_segment Stone Wall x1 |
| 19:25 | Guthrie_Govan · wall_segment Stone Wall x1 |
| 19:45 | Waldblume · first_building Siege Workshop |
| 21:40 | Guthrie_Govan · age_up castle |
| 24:02 | Waldblume · resign |
[ ANÁLISIS IA · 1 CRÉDITO ]
¿Qué pasó realmente en esta partida?
Wolo.gg analiza cada decisión: build order, eco, micro, errores típicos por bracket. Análisis personalizado por WhatsApp o Discord en 30 segundos.
Guía civ
Mongoles
Perfil
Jugador #4224302